 Seeded DCSS version 0.28.0 (webtiles) character file.

Game seed: 13591998346360536447 (custom seed)

351 ravioli the Ruffian (level 6, -15/81 HPs)
             Began as a Troll Earth Elementalist on Feb 13, 2022.
             Demolished by an ogre (22 damage)
             ... on level 5 of the Dungeon.
             The game lasted 00:05:54 (3417 turns).

ravioli the Ruffian (Troll Earth Elementalist)      Turns: 3417, Time: 00:05:55

Health: -15/81     AC: 23    Str: 17    XL:     6   Next: 34%
Magic:  7/7        EV:  1    Int: 13    God:
Gold:   149        SH:  0    Dex:  8    Spells: 7/8 levels left

rFire   + . .      SeeInvis .     - Unarmed
rCold   . . .      Faith    .   (no shield)
rNeg    . . .      Spirit   .   (armour currently unavailable)
rPois   +          Reflect  .   (helmet currently unavailable)
rElec   .          Harm     .   (cloak currently unavailable)
rCorr   +          Rampage  .   (gloves unavailable)
Will    .....      NoTele   +   (boots unavailable)
Stlth   +.........              (no amulet)
HPRegen 1.03/turn               g - ring of protection from fire
MPRegen 0.10/turn               i - ring of resist corrosion

@: confused, tree-form, hasted, very quick
A: stationary, stasis, torment immunity, boosted hp, large, unfitting armour,
(claws 3), regeneration 1, (shaggy fur 1), (tough skin 1), clumsy 1, (fire
resistance 2)
a: no special abilities


You were on level 5 of the Dungeon.
You were a tree.
You visited 1 branch of the dungeon, and saw 5 of its levels.

You collected 149 gold pieces.

Inventory:

Missiles
 c - 139 stones
Armour
 b - a +0 robe (melded)
 h - a +1 hat (melded)
Jewellery
 g - a ring of protection from fire (left branch)
 i - a ring of resist corrosion (right branch)
 l - a ring of protection from fire
Wands
 r - a wand of mindburst (17)
Scrolls
 a - 3 scrolls of teleportation {unknown}
 e - 4 scrolls of acquirement {unknown}
 f - a scroll of amnesia {unknown}
 j - a scroll of vulnerability {unknown}
 k - 5 scrolls of identify {unknown}
 n - 2 scrolls of summoning {unknown}
 p - a scroll of torment {unknown}
Potions
 d - 2 potions of haste


   Skills:
 + Level 0.4 Fighting
 + Level 2.4 Dodging
 + Level 1.7 Stealth
 + Level 4.3 Unarmed Combat
 * Level 1.9 Spellcasting
 + Level 0.6 Transmutations
 + Level 3.2 Earth Magic


You had 7 spell levels left.
You knew the following spells:

 Your Spells              Type           Power      Damage    Failure   Level
a - Sandblast             Erth           18%        2d7       7%          1

Your spell library contained the following spells:

 Spells                   Type           Power      Damage    Failure   Level
 Passwall                 Tmut/Erth      5%         N/A       19%         2
 Wereblood                Tmut           2%         N/A       30%         2
 Static Discharge         Conj/Air       1%         N/A       36%         2
 Sublimation of Blood     Necr           1%         N/A       36%         2
 Stone Arrow              Conj/Erth      10%        3d7       36%         3
 Ozocubu's Armour         Ice            1%         N/A       61%         3
 Petrify                  Tmut/Erth      6%         N/A       75%         4
 Dispel Undead            Necr           1%         3d6       95%         4
 Sticky Flame             Conj/Fire      1%         2d3       95%         4
 Ozocubu's Refrigeration  Ice            0%         4d5       100%        7
 Summon Hydra             Summ           0%         N/A       100%        7


Dungeon Overview and Level Annotations

Branches:
Dungeon (5/15)
 Temple: D:4-7

Altars:
Hepliaklqana
The Shining One

Annotations:
D:3 2 transporters, GilGalad's ghost, amateur MiFi
D:5 Edmund; Ijyb


Innate Abilities, Weirdness & Mutations

You are a tree.
Your roots penetrate the ground, keeping you stationary.
You cannot be teleported.
You are immune to unholy pain and torment.
Your maximum health is greatly increased.
Your equipment is partially melded.
You are too large for most types of armour.
((You have claws for hands.))
Your natural rate of healing is unusually fast.
((You are covered in fur. (AC +1)))
((You have tough skin. (AC +1)))
You are clumsy. (Dex -2)
((Your flesh is very heat resistant. (rF++)))


Message History

You smack the iguana!
The iguana is severely wounded.
Ijyb hits you but does no damage. The orc hits you but does no damage.
The orc priest miscasts a cantrip.
You barely miss the iguana.
The iguana is severely wounded.
Edmund hits you but does no damage.
The iguana bites you but does no damage.
Ijyb hits you but does no damage.
You nearly hit yourself!
The orc hits you but does no damage.
The iguana hisses menacingly.
Edmund hits you but does no damage.
You nearly hit yourself!
The iguana bites you but does no damage.
Ijyb hits you but does no damage. The orc hits you but does no damage.
You smack the orc!
You kill the orc!
Edmund hits you with a +3 flail of holy wrath.
* * * LOW HITPOINT WARNING * * *
The iguana bites you but does no damage.
Ijyb hits you but does no damage.
You hit the iguana.
You kill the iguana!
You smack the ogre!
The ogre is moderately wounded.
Edmund hits you but does no damage. Ijyb completely misses you.
The ogre hits you but does no damage.
You attack the rock wall.
Edmund hits you but does no damage.
You attack the rock wall.
Ijyb hits you but does no damage.
You smack the ogre!
The ogre is almost dead.
The ogre hits you with a +0 giant club.
* * * LOW HITPOINT WARNING * * *
Edmund says, "You wouldn't believe how much I paid for this flail."
Edmund hits you with a +3 flail of holy wrath!
* * * LOW HITPOINT WARNING * * *
You swing at nothing.
Ijyb hits you but does no damage.
You attack the rock wall.
The ogre hits you with a +0 giant club!!
You die...

..>..# ...### .....#
.....# #.#. #'#### ....#
.... #.# ..:.+ ...$. #.#
...##..$.. #.###
#.........
#...############o........
#...#.........##@gl......
#...#..........)♣O{......
#...#..........######....
#(..###†####...# ..
#.#####.# #...# #.......#
#...# #######.# #...# ###
#####


You could see Edmund, an ogre, Ijyb, an iguana and an orc priest.

Vanquished Creatures
  A hound (D:4)
  2 bullfrog skeletons
  An iguana (D:5)
  Natasha (twice) (D:2)
  2 hound skeletons (D:4)
  3 adders
  3 gnolls (D:4)
  3 worms
  2 adder skeletons (D:4)
  6 dart slugs
  2 orcs
  3 bats
  8 endoplasms
  2 giant cockroaches
  10 hobgoblins
  5 jackals
  8 kobolds
  A quokka (D:2)
  5 ball pythons
  A frilled lizard (D:2)
  4 goblins
  9 rats
  A spectral hobgoblin (D:4)
84 creatures vanquished.

Notes
Turn   | Place    | Note
-------+----------+-------------------------------------------
     0 | D:1      | ravioli the Troll Earth Elementalist began the quest for
                  | the Orb.
     0 | D:1      | Reached XP level 1. HP: 16/16 MP: 1/1
   146 | D:1      | Reached XP level 2. HP: 24/24 MP: 3/3
   576 | D:1      | Reached XP level 3. HP: 31/31 MP: 4/4
   795 | D:2      | You fall into a shaft and drop 2 floors!
   833 | D:4      | Reached skill level 1 in Unarmed Combat
   871 | D:3      | Reached XP level 4. HP: 38/39 MP: 5/5
  1014 | D:3      | Found a glowing golden altar of the Shining One.
  1104 | D:2      | Found a faded altar of an unknown god.
  1161 | D:2      | Noticed Natasha
  1176 | D:2      | Killed Natasha
  1177 | D:2      | Reached skill level 2 in Unarmed Combat
  1843 | D:2      | Noticed Natasha
  1851 | D:2      | Killed Natasha
  1852 | D:2      | Reached skill level 3 in Unarmed Combat
  1852 | D:2      | Reached XP level 5. HP: 32/45 MP: 6/6
  2380 | D:3      | Found a transporter.
  2384 | D:3      | Noticed GilGalad's ghost (amateur MiFi)
  2457 | D:3      | Found a transporter.
  2578 | D:3      | Identified the +1 whip of Eternal Harmony {flame, rElec
                  | Int+2}
  2892 | D:4      | Found a hazy altar of Hepliaklqana.
  3140 | D:4      | Reached XP level 6. HP: 32/54 MP: 5/7
  3142 | D:4      | Reached skill level 4 in Unarmed Combat
  3306 | D:5      | Entered Level 5 of the Dungeon
  3369 | D:5      | Noticed Ijyb
  3377 | D:5      | Noticed Edmund
  3388 | D:5      | Gained mutation: You are clumsy. (Dex -2) [potion of
                  | mutation]
  3388 | D:5      | Gained mutation: Your flesh is heat resistant. (rF+)
                  | [potion of mutation]
  3388 | D:5      | Gained mutation: Your flesh is very heat resistant. (rF++)
                  | [potion of mutation]
  3417 | D:5      | Demolished by an ogre

Illustrated notes

Levels and vault maps discovered:
D:1:      wander_arrival_fairy_ring, layout_basic, chequers_serial_rivers_room_a
D:2:      layout_loops_ring, shapermc_ecumenical_altar_venn, uniq_natasha
D:3:      layout_loops_ring, mainiacjoe_overflow_chevrons,
          gammafunk_ghost_arena, hangedman_glass_teeth
D:4:      layout_basic, nicolae_hepliaklqana_monster_ancestors,
          due_unseen_surprise
D:5:      layout_basic, lemuel_doored_altar, overflow_temple_1_default,
          amethyst_overflow_temple_binary, minmay_manual_mess, uniq_ijyb,
          uniq_edmund, uniq_sigmund, uniq_menkaure

Skill      XL: |  1  2  3  4  5  6 |
---------------+-------------------+-----
Earth Magic    | 3 |  3.2
Unarmed Combat | 1 3 4 |  4.3
Dodging        | 2 |  2.4
Fighting       | |  0.4
Stealth        | |  1.7
Spellcasting   | |  1.9
Transmutations | |  0.6

Action                   |  1- 3 |  4- 6 || total
-------------------------+-------+-------++-------
Melee: Unarmed           |   100 |   164 ||   264
       Punch             |     2 |     4 ||     6
 Cast: Sandblast         |     1 |     2 ||     3
  Use: Potion            |       |     5 ||     5
 Stab: Sleeping          |     4 |     3 ||     7
Armor: Robe              |    33 |    45 ||    78
       Skin              |       |    47 ||    47
Dodge: Dodged            |    43 |    84 ||   127
